Map: Redshift LE

Players

NightDragon

  • Race: Protoss Protoss
  • League: Gold
  • Spawn Location: 7:00

Test - Winner!

  • Race: Terran Terran
  • League: Silver
  • Spawn Location: 11:00

VOD

Have the link to the VOD?

Description

Time

  • Played on: May 15, 2018, 8:17 p.m.
  • Length: 6:52
Show
View Real Time Build Order
Export as new Build Order

NightDragon Protoss 

Build Orders:  

Get SALT Encoding   

  12  0:02  Probe  
  14  0:14  Probe  
  14  0:32  Pylon  
  14  0:35  Probe  
  15  1:01  Gateway  
  15  1:23  Nexus  
  15  1:27  Probe  
  15  1:31  Assimilator  
  16  1:35  Pylon  
  16  1:39  Probe  
  17  1:40  Assimilator  
  17  1:51  Probe  
  18  2:01  Cybernetics Core  
  18  2:03  Probe  
  18  2:05  Forge  
  19  2:11  Probe  
  20  2:19  Probe  
  20  2:29  Probe  
  22  2:41  Photon Cannon, Warp Gate, Probe  
  23  2:50  Photon Cannon  
  23  2:53  Probe  
  23  2:56  Probe  
  25  3:04  Probe  
  25  3:06  Probe  
  27  3:13  Pylon  
  27  3:17  Probe  
  27  3:18  Probe  
  28  3:25  Probe  
  29  3:32  Robotics Facility  
  30  3:34  Probe  
  30  3:36  Pylon  
  31  3:44  Photon Cannon  
  31  3:46  Probe  
  32  3:50  Protoss Ground Weapons Level 1  
  32  4:04  Assimilator  
  32  4:06  Assimilator  
  32  4:08  Probe  
  32  4:16  Probe  
  34  4:26  Probe  
  34  4:29  Robotics Facility  
  35  4:31  Immortal  
  35  4:33  Robotics Bay  
  35  4:38  Probe  
  40  4:42  Pylon  
  40  4:49  Gateway  
  40  4:50  Probe  
  41  4:57  Pylon  
  41  4:59  Nexus  
  41  5:04  Immortal  
  45  5:37  Probe  
  46  5:45  Probe  
Show
View Real Time Build Order
Export as new Build Order

Test Terran - Winner!

Build Orders: MMM Bio 

Get SALT Encoding   

  12  0:01  SCV  
  13  0:13  SCV  
  14  0:19  Supply Depot  
  14  0:25  SCV  
  15  0:31  Refinery  
  15  0:41  SCV  
  16  0:49  Barracks  
  16  0:54  SCV  
  17  1:09  Barracks  
  17  1:10  SCV  
  18  1:22  SCV  
  19  1:37  Orbital Command  
  19  1:38  Marine  
  20  2:01  Command Center  
  20  2:06  Barracks Reactor  
  20  2:07  Marine  
  21  2:11  SCV  
  22  2:23  SCV  
  22  2:24  Barracks  
  22  2:27  Barracks Reactor  
  23  2:33  Supply Depot  
  23  2:43  Barracks  
  23  2:55  Marine x2  
  23  2:57  Supply Depot  
  25  3:06  SCV  
  25  3:09  Marine x2  
  25  3:10  Barracks Tech Lab  
  28  3:13  Marine x2  
  30  3:20  SCV  
  30  3:22  SCV  
  30  3:26  Marine  
  30  3:27  Marine  
  32  3:29  Marine, Stimpack  
  32  3:33  Barracks Reactor  
  35  3:35  Marine  
  35  3:37  Marine  
  37  3:42  SCV  
  37  3:44  SCV, Marine  
  40  3:49  Marine  
  40  3:50  Marine  
  40  3:54  SCV  
  43  3:57  Engineering Bay  
  43  3:58  Marine  
  44  4:04  Orbital Command  
  44  4:16  Marine  
  44  4:17  Marine x4  
  45  4:18  Marine  
  45  4:20  Marine  
  51  4:34  Marine x2  
  51  4:35  Marine  
  51  4:37  Missile Turret  
  54  4:46  Supply Depot  
  54  5:07  Marine x6, SCV x2  
  54  5:08  Supply Depot  
  62  5:29  Marine x6, Supply Depot, Combat Shields  
  62  5:30  SCV x2  
  70  5:49  SCV  
  70  5:50  Marine x6  
  70  5:51  SCV  
  70  5:57  Marine  
  77  6:02  SCV  
  76  6:08  Marine x4  
  78  6:21  Marine  
  78  6:23  Marine  
  78  6:26  Marine  
  78  6:45  Supply Depot  
Tags
 
Composition
MMM Bio
Matchup
PvT
Spawn Locations
Close Positions
Add a new tag
Caveats
  • Supply blocks, unpowered buildings, or Contaminate may cause inaccurate times.
  • Supply counts are checked every 10 seconds.